Match 46084663
Unlisted

Match 46084663
End
Panzergrenadier Squad
250 Light Carrier
Selects Italian Infantry
Panzergrenadier Squad
Construct Light Support Kompanie
MG34 Team
Fire Support Elements
Flakvierling Half-track
Pak 38 Anti-tank Gun Team
Construct Panzerarmee Kommand
Pak 38 Anti-tank Gun Team
Vehicle Survival Package
Panzer III L Medium Tank
Selects Guastatori Squad
Selects Registered Artillery
Walking Stuka Rocket Launcher
Selects Towed Cannone da 105/28 Field Howitzer
Assault Grenadier Squad
Panzerjäger Squad
Selects Defensive Operations
Armored Reserves
Construct Mechanized Kompanie
2.5-tonne Medical Truck
JackCoded
Dark Lord Cthulhu
Drake
你是个娘们
Nithralder
SED-Kreisleitung
tupapia
Dudulu
0
0

Comments sign in to comment!

No comments posted yet!